 Dungeon Crawl Stone Soup version 0.19-a0-49-gb8736b8 (webtiles) character file.

6781 M4edhros the Cleaver (level 10, 0/90 (91) HPs)
             Began as a Minotaur Berserker on May 6, 2016.
             Was an Elder of Trog.
             Slain by an eight-headed hydra (10 damage)
             ... on level 4 of the Lair of Beasts.
             The game lasted 00:10:42 (2130 turns).

M4edhros the Cleaver (Minotaur Berserker)           Turns: 2130, Time: 00:10:42

HP:   0/90 (91)     AC: 18    Str: 22    XL:     10   Next: 76%
MP:   9/9           EV: 10    Int:  4    God:    Trog [****..]
Gold: 259           SH:  0    Dex: 13    Spells: 0 memorised, 9 levels left

rFire  + . .     SeeInvis .     z - +1 demon whip (elec)
rCold  + . .     Gourm    .     m - +1 plate armour
rNeg   . . .     Faith    .     (no shield)
rPois  +         Spirit   .     (helmet restricted)
rElec  +         Dismiss  .     (no cloak)
rCorr  +         Reflect  .     (no gloves)
SustAt .         Harm     .     f - +2 pair of boots
MR     +....                    (no amulet)
Stlth  ..........               y - ring of protection from magic
                                o - ring of poison resistance

@: exhausted, resistant, slowed, very slow, somewhat resistant to hostile
enchantments, extremely unstealthy
A: retaliatory headbutt, horns 2
a: Berserk, Trog's Hand, Brothers in Arms, Burn Spellbooks, Renounce Religion


You were on level 4 of the Lair of Beasts.
You worshipped Trog.
Trog was greatly pleased with you.
You were hungry.

You visited 2 branches of the dungeon, and saw 14 of its levels.
You also visited: Sewer.

You collected 259 gold pieces.

Inventory:

Hand Weapons
 a - a +0 hand axe
 s - a +0 blowgun
 x - a +2 demon blade of venom
 z - a +1 demon whip of electrocution (weapon)
Missiles
 t - 5 curare-tipped needles
 v - 18 poisoned needles
Armour
 b - a +0 animal skin
 f - a +2 pair of boots (worn)
 h - a +0 chain mail
 m - a +1 plate armour (worn)
Magical Staves
 k - an uncursed staff of wizardry {unknown}
Jewellery
 o - a ring of poison resistance (left hand)
 y - a ring of protection from magic (right hand)
Wands
 n - a wand of flame (19/48)
 A - a wand of lightning (4/15)
Scrolls
 e - a scroll of fog
 j - 3 scrolls of teleportation
 l - a scroll of remove curse
 q - a scroll of magic mapping
Potions
 g - 5 potions of curing
 u - 2 potions of flight
Books
 i - a book of Cantrips

   Spells                             Type                      Level
   a - Corona                         Hexes                        1
   b - Animate Skeleton               Necromancy                   1
   c - Summon Small Mammal            Summoning                    1
   d - Apportation                    Translocation                1
   Trog disapproves of the use of such an item.
 p - a book of Spatial Translocations

   Spells                             Type                      Level
   a - Apportation                    Translocation                1
   b - Blink                          Translocation                2
   c - Shroud of Golubria             Charms/Translocation         2
   d - Portal Projectile              Translocation                3
   e - Teleport Other                 Translocation                3
   f - Passage of Golubria            Translocation                4
   Trog disapproves of the use of such an item.
Comestibles
 c - 2 bread rations
 d - 8 fruits
 w - 11 chunks of flesh


   Skills:
 + Level 9.5 Fighting
 * Level 11.9(12.3) Axes
 - Level 5.0(9.3) Maces & Flails
 + Level 9.3 Armour
 + Level 8.1 Dodging


You had 9 spell levels left.
You didn't know any spells.

Dungeon Overview and Level Annotations

Branches:
Dungeon (10/15)              Lair (4/8) D:10
 Temple: D:4-7        Swamp: Lair:3-6    Shoals: Lair:3-6     Snake: Lair:3-6
 Spider: Lair:3-6       Orc: D:9-12

Altars:
Ashenzari
Dithmenos

Annotations:
D:10 Sl000nik's ghost, journeyman GrFi


Innate Abilities, Weirdness & Mutations

You reflexively headbutt those who attack you in melee.
You have a pair of horns on your head.


Message History

The eight-headed hydra bites you!
The eight-headed hydra bites you but does no damage.
The eight-headed hydra bites you! The eight-headed hydra bites you.
The eight-headed hydra bites you but does no damage.
Unknown command.
Unknown command.
Evoke which item? (* to show all) (? for menu, Esc to quit)
Okay, then.
You are feeling hungry.
You barely miss the eight-headed hydra. You headbutt the eight-headed hydra.
The eight-headed hydra is severely wounded.
The eight-headed hydra bites you.
* * * LOW HITPOINT WARNING * * *
The eight-headed hydra bites you!
* * * LOW HITPOINT WARNING * * *
The eight-headed hydra bites you but does no damage.
The eight-headed hydra bites you!
* * * LOW HITPOINT WARNING * * *
The eight-headed hydra bites you!
You die...

P.....# #.....
#....P ..... #....#
P....# #....##
.....##
#.....###.[...#
.####..D.P#.#....#
.......@.........#
.................#
.................##
............<†...P#
.#.##..######.#P.##
# #.## #.# ## ##
###


You could see an eight-headed hydra.

Vanquished Creatures
  An elephant (D:10)
  2 spiny frogs
  A rime drake (Lair:4)
  A komodo dragon (Lair:2)
  Grinder (D:4)
  3 blink frogs (Lair:2)
  Sigmund (D:4)
  10 yaks
  A basilisk (Lair:1)
  A hippogriff (D:10)
  2 hungry ghosts
  2 porcupines
  2 phantoms
  A sky beast (D:9)
  2 ogres
  A necrophage (D:8)
  3 crocodiles
  2 big kobolds
  A giant frog (D:9)
  A wyvern skeleton (D:9)
  A scorpion (D:4)
  5 wights (D:10)
  An electric eel (D:8)
  2 crimson imps
  A giant frog zombie (D:9)
  A hound (D:10)
  A jelly (D:9)
  7 orc wizards
  3 orc priests
  Terence (D:3)
  2 iguanas
  5 worker ants
  A hound zombie (D:6)
  A worker ant zombie (D:5)
  15 river rats
  7 adders
  A shadow imp (D:7)
  A worm (D:4)
  A giant gecko (D:5)
  10 orcs
  3 ball pythons
  3 giant cockroaches (D:5)
  A goblin (D:1)
  2 jackals (Sewer)
  9 kobolds
  A giant gecko skeleton (D:4)
  6 rats
  A fungus (Lair:2)
132 creatures vanquished.

Vanquished Creatures (others)
  An orc warrior (D:9)
  2 orcs (D:8)
3 creatures vanquished.

Grand Total: 135 creatures vanquished

Notes
Turn   | Place    | Note
--------------------------------------------------------------
     0 | D:1      | M4edhros the Minotaur Berserker began the quest for the Orb.
     0 | D:1      | Reached XP level 1. HP: 19/19 MP: 0/0
    63 | D:3      | Reached skill level 4 in Axes
    63 | D:3      | Reached XP level 2. HP: 22/26 MP: 1/1
    64 | D:3      | Noticed Terence
    69 | D:3      | Killed Terence
    69 | D:3      | Reached skill level 5 in Axes
    69 | D:3      | Reached XP level 3. HP: 31/31 MP: 2/2
   126 | D:4      | Noticed Sigmund
   130 | D:4      | Killed Sigmund
   130 | D:4      | Reached skill level 7 in Axes
   130 | D:4      | Reached XP level 4. HP: 39/39 MP: 3/3
   130 | D:4      | Reached XP level 5. HP: 45/45 MP: 4/4
   162 | D:4      | Reached skill level 8 in Axes
   218 | D:4      | Reached XP level 6. HP: 34/51 MP: 5/5
   326 | D:4      | Noticed Grinder
   330 | D:4      | Paralysed by Grinder for 6 turns
   347 | D:4      | Killed Grinder
   347 | D:4      | Reached skill level 9 in Axes
   347 | D:4      | Reached XP level 7. HP: 19/59 MP: 6/6
   402 | D:5      | Entered Level 5 of the Dungeon
   411 | D:5      | Reached ** piety under Trog
   593 | D:5      | Found a glowing drain.
   612 | D:5      | Reached skill level 5 in Fighting
   653 | Sewer    | Entered a sewer
   708 | Sewer    | Reached XP level 8. HP: 52/68 MP: 7/7
   736 | Sewer    | Found a white marble altar of Elyvilon.
   863 | D:8      | Reached *** piety under Trog
  1011 | D:8      | Found a shadowy altar of Dithmenos.
  1013 | D:8      | Found a shattered altar of Ashenzari.
  1041 | D:8      | Reached skill level 5 in Armour
  1114 | D:9      | Reached skill level 10 in Axes
  1152 | D:9      | Reached skill level 5 in Dodging
  1290 | D:9      | Reached XP level 9. HP: 28/78 MP: 8/8
  1344 | D:10     | Entered Level 10 of the Dungeon
  1372 | D:10     | Noticed Sl000nik's ghost (journeyman GrFi)
  1497 | D:10     | Found a staircase to the Lair.
  1497 | D:10     | Noticed an elephant
  1509 | D:10     | Killed an elephant
  1509 | D:10     | Reached skill level 11 in Axes
  1584 | Lair:1   | Entered Level 1 of the Lair of Beasts
  1682 | Lair:1   | Reached skill level 1 in Maces & Flails
  1697 | Lair:2   | Reached XP level 10. HP: 84/89 MP: 9/9
  1774 | Lair:2   | Reached **** piety under Trog
  1882 | Lair:2   | Noticed a spiny frog
  1892 | Lair:2   | Killed a spiny frog
  1968 | Lair:2   | Reached skill level 5 in Maces & Flails
  2096 | Lair:4   | Noticed a spiny frog
  2101 | Lair:4   | Killed a spiny frog
  2124 | Lair:4   | Noticed an eight-headed hydra
  2130 | Lair:4   | Slain by an eight-headed hydra

Vault maps used:
D:1:      erik_arrival_gehennom
D:2:      minmay_misc_feat_nine_boxes, nrook_mini_vaults
D:3:      lemuel_round_altar, first_bread, minmay_misc_feat_rows, uniq_iyjb,
          uniq_terence, uniq_natasha
D:4:      uniq_grinder, uniq_sigmund
D:5:      gammafunk_pakellas_spire_experiment, serial_shops, shop_statue,
          portal_sewer_entry_b
D:6:      minivault_4
D:7:      minmay_temple_entry_overgrown, grunt_livestock
D:8:      kennysheep_little_box, nicolae_overflow_hidden_temple, basic_altar,
          serial_bayou_lake_a, uniq_pikel
D:9:      serial_shops, kennysheep_mini_moat, serial_corexii_hall,
          corexii_hall_statues_i, corexii_hall_statues_u, uniq_prince_ribbit1
D:10:     david_lair_generic, uniq_erica, uniq_urug
Lair:1:   roderic_batcave, ldierk_geyser, infiniplex_staircase_pool_2,
          lemuel_fruit_tree, serial_bayou_shore_b
Lair:3:   statuecave_lemuel, beast_lair_carwin_8, grunt_megastairs_2,
          uniq_rupert
Lair:4:   grunt_megastairs_1
Sewer:    sewer_kobolds

Skill      XL: |  1  2  3  4  5  6  7  8  9 10 |
---------------+-------------------------------+-----
Axes           | 4 5 7 8 9 10 11 | 11.9
Fighting       | 4 5 7 8 9 |  9.5
Armour         | 3 4 6 8 9 |  9.3
Dodging        | 4 5 7 8 |  8.1
Maces & Flails | 1 5 |  5.0

Action                   |  1- 3 |  4- 6 |  7- 9 | 10-12 || total
-------------------------+-------+-------+-------+-------++-------
Melee: Hand axe          |    10 |    44 |   256 |    78 ||   388
       Headbutt          |     2 |     8 |    57 |    20 ||    87
       Demon whip        |       |       |     3 |    20 ||    23
Invok: Berserk           |     2 |     2 |     7 |     4 ||    15
       Trog's Hand       |       |       |       |     2 ||     2
Evoke: Wand              |       |       |       |     1 ||     1
  Use: Scroll            |       |       |     8 |     3 ||    11
       Potion            |       |       |     1 |     1 ||     2
  Eat: Chunk             |       |     1 |    12 |     6 ||    19
       Fruit             |       |       |     1 |       ||     1
       Meat ration       |       |       |     1 |       ||     1
       Beef jerky        |       |       |     1 |       ||     1
       Bread ration      |       |       |     1 |       ||     1
       Pizza             |       |       |     1 |       ||     1
Armor: Animal skin       |     1 |       |       |       ||     1
       Chain mail        |       |    10 |       |       ||    10
       Plate armour      |       |    26 |   168 |    48 ||   242
Dodge: Dodged            |     1 |    14 |   108 |    40 ||   163
